 Dungeon Crawl Stone Soup version 0.31-a0-202-g547052bce9 (webtiles) character file.

Game seed: 9744853670526563433

41 innerfire43 the Trooper (level 3, -1/43 HPs)
             Began as a Demonspawn Monk on June 26, 2023.
             Slain by a gnoll
             ... wielding a +2 antimagic spear
              (7 damage)
             ... on level 2 of the Dungeon.
             The game lasted 00:01:05 (669 turns).

innerfire43 the Trooper (Demonspawn Monk)            Turns: 669, Time: 00:01:06

Health: -1/43      AC: 21    Str: 13    XL:     3   Next: 32%
Magic:  0/3        EV:  2    Int: 11    God:
Gold:   103        SH:  0    Dex: 15    Spells: 2/2 levels left

rFire   . . .        e - +3 dagger
rCold   . . .        d - orb {light}
rNeg    . . .        b - melded +0 robe
rPois   +            (helmet currently unavailable)
rElec   .            (cloak currently unavailable)
rCorr   .            (gloves currently unavailable)
SInv    .            (boots currently unavailable)
Will    .....        (no amulet)
Stlth   +            (no ring)
HPRegen 0.27/turn    (no ring)
MPRegen 0.08/turn

%: no passive effects
@: tree-form, glowing
A: stationary, stasis, torment immunity, boosted hp, ignite blood 1, (weakness
stinger 1)
a: no special abilities


You were on level 2 of the Dungeon.
You were a tree.
You visited 1 branch of the dungeon, and saw 2 of its levels.

You collected 103 gold pieces.

Inventory:

Hand Weapons
 a - a +0 hand axe
 e - a +3 dagger (weapon)
Armour
 b - a +0 robe (melded)
 d - an orb of light (worn)
Scrolls
 g - a scroll of identify {unknown}
Potions
 c - a potion of ambrosia
 h - a potion of degeneration {unknown}


   Skills:
 + Level 3.5 Fighting
 * Level 1.9 Short Blades
 - Level 2.7 Axes
 - Level 2.8 Dodging


You had 2 spell levels left.
You didn't know any spells.
Your spell library was empty.

Dungeon Overview and Level Annotations

Branches:
Dungeon (2/15)

Altars:


Innate Abilities, Weirdness & Mutations

You are a tree.
Your roots penetrate the ground, keeping you stationary.
You cannot be teleported.
You are immune to unholy pain and torment.
Your maximum health is greatly increased.
Your equipment is partially melded.
Your demonic aura sometimes causes spilled blood to erupt in flames.
((You have a small tail.))


Message History

The gnoll hits you from afar with a +2 antimagic spear.
You feel your power leaking away.
You have reached level 3!
Your experience leads to an increase in your attributes!
Increase (S)trength, (I)ntelligence, or (D)exterity?
You feel stronger. x2; Your demonic ancestry asserts itself...
You grow a small tail.
It was a potion of lignification.
You turn into a tree.
Your +0 robe melds into your body.
Your roots penetrate the ground.
A goblin comes into view. It is wielding a +0 club.
The goblin shouts!
The gnoll hits you but does no damage. The gnoll hits you but does no damage.
The gnoll hits you but does no damage. The gnoll hits you but does no damage.
You hit the gnoll.
The gnoll is moderately wounded.
The gnoll is engulfed in blazing flames.
You kill the gnoll!
You cannot move.
You cannot move.
You cannot move.
Unknown command.
The gnoll hits you but does no damage. The gnoll hits you but does no damage.
The gnoll hits you from afar with a +2 antimagic spear.
You feel your power leaking away. The gnoll hits you but does no damage.
The gnoll hits you from afar with a +2 antimagic spear.
The gnoll barely misses you.
The gnoll hits you from afar with a +2 antimagic spear.
* * * LOW HITPOINT WARNING * * *
You cannot move.
You cannot move.
The gnoll hits you but does no damage. The gnoll hits you but does no damage.
The gnoll hits you from afar with a +2 antimagic spear.
* * * LOW HITPOINT WARNING * * *
The gnoll hits you from afar with a +2 antimagic spear!
You die...

#....<..#
#.#####†##
........†## .
#.###.#...#...
#.###.#......#
#.##....##..##
#.#..)..#####
#####.#..........
#♣...............
#)######....##.##
#g# #.##.# .#
#..)g# #.##.# #
#.###.# #.. ..
##. ### .## . ..
.#


You could see a gnoll and a goblin.

Vanquished Creatures
  2 gnolls (D:2)
  A dart slug (D:1)
  2 bats (D:1)
  An endoplasm (D:1)
  2 giant cockroaches
  4 hobgoblins
  A ball python (D:1)
  2 frilled lizards (D:1)
  A goblin (D:1)
  2 kobolds (D:1)
  3 rats (D:1)
21 creatures vanquished.

Notes
Turn   | Place    | Note
-------+----------+-------------------------------------------
     0 | D:1      | innerfire43 the Demonspawn Monk began the quest for the
                  | Orb.
     0 | D:1      | Reached XP level 1. HP: 18/18 MP: 1/1
   248 | D:1      | Gained mutation: Your demonic aura sometimes causes spilled
                  | blood to erupt in flames. [demonic ancestry]
   248 | D:1      | Reached XP level 2. HP: 17/24 MP: 2/2
   345 | D:1      | Reached skill level 1 in Short Blades
   646 | D:2      | Gained mutation: You have a small tail. [demonic ancestry]
   646 | D:2      | Reached XP level 3. HP: 10/29 MP: 0/3
   669 | D:2      | Slain by a gnoll

Illustrated notes

Levels and vault maps discovered:
D:1:      spicycebolla_arrival_ecumenical, layout_rooms
D:2:      layout_loops_ring, basic_altar, minmay_cupped

Skill      XL: |  1  2 |
---------------+-------+-----
Short Blades   | 1 |  1.9
Fighting       | |  3.5
Axes           | |  2.7
Dodging        | |  2.8

Action                     || total
---------------------------++-------
  Melee: Dagger            ||    41
         Hand axe          ||     9
    Use: Potion            ||     1
 Armour: Robe              ||     5
         Skin              ||     9
  Dodge: Dodged            ||    21

Table legend: (Time is in decaauts)
 A = Elapsed time spent in this place.
 B = Non-inter-level travel time spent in this place.
 C = Inter-level travel time spent in this place.
 D = Time resting spent in this place.
 E = Time spent auto-exploring this place.
 F = Levels seen in this place.
 G = Mean time per level.
                   A        B        C        D        E       F      G
               +--------+--------+--------+--------+--------+-----+--------+
         Total |    667 |    654 |     13 |      0 |    529 |   2 |  333.5 |
       Dungeon |    667 |    654 |     13 |      0 |    529 |   2 |  333.5 |
               +--------+--------+--------+--------+--------+-----+--------+

Top non-repeatable levels by time:
     D:1: 595 daAuts
     D:2: 71 daAuts
